Cogmind - Beta 12 --- EXPLORER MODE // 2023.11.02 @ 03:16:59 Player: Shin Result: Destroyed by H-66 Slayer with Gauss Rifle Performance ------------- Evolutions (4) 2000 Regions Visited (7) 1400 Robots Destroyed (0) 0 Value Destroyed (0) 0 Prototype IDs (0) 0 Alien Tech Used (0) 0 Bonus (1525) 1525 TOTAL SCORE: 4925 Bonus ------- Pacifist 1325 Entered Garrisons 200 Cogmind --------- Core Integrity 0/850 Matter 281/300 Energy 100/100 System Corruption 10% Temperature Cool (0) Movement Core (50) Location -6/Factory Parts ------- > --- POWER (1) -------- (None) > --- PROPULSION (2) --- (None) > --- UTILITY (11) ----- Transmission Jammer Improved Hacking Suite > --- WEAPON (2) ------- (None) > --- INVENTORY (5) ---- (None) Peak State ------------ > --- POWER ------------ (None) > --- PROPULSION ------- (None) > --- UTILITY ---------- Transmission Jammer Improved Hacking Suite > --- WEAPON ----------- (None) > --- INVENTORY -------- (None) [Rating: 9] Favorites ----------- Power None Propulsion None Utility Improved Hacking Suite Device Transmission Jammer Hackware Improved Hacking Suite Weapon Axe Slashing Weapon Axe Build | -11 -10 -9 -8 -7 -6 -6 -6 ------- Run | Jun Mat Mat Mat Fac Fac Gar Fac Slots Evolved 9 | . 1 2 2 2 2 . . Power . | . . . . . . . . Propulsion . | . . . . . . . . Utility 9 | . 1 2 2 2 2 . . Weapon . | . . . . . . . . Parts Attached 3 | . . . 1 . . . 2 Power . | . . . . . . . . Engine . | . . . . . . . . Core . | . . . . . . . . Reactor . | . . . . . . . . Propulsion . | . . . . . . . . Treads . | . . . . . . . . Leg . | . . . . . . . . Wheel . | . . . . . . . . Hover . | . . . . . . . . Flight . | . . . . . . . . Utility 2 | . . . . . . . 2 Device 1 | . . . . . . . 1 Storage . | . . . . . . . . Processor . | . . . . . . . . Hackware 1 | . . . . . . . 1 Protection . | . . . . . . . . Artifact . | . . . . . . . . Weapon 1 | . . . 1 . . . . Energy Gun . | . . . . . . . . Energy Cannon . | . . . . . . . . Ballistic Gun . | . . . . . . . . Ballistic Cannon . | . . . . . . . . Launcher . | . . . . . . . . Special Weapon . | . . . . . . . . Impact Weapon . | . . . . . . . . Slashing Weapon 1 | . . . 1 . . . . Piercing Weapon . | . . . . . . . . Special Melee Weapon . | . . . . . . . . Unidentified Prototypes . | . . . . . . . . Parts Lost 1 | . . . . 1 . . . Power . | . . . . . . . . Propulsion . | . . . . . . . . Utility . | . . . . . . . . Weapon 1 | . . . . 1 . . . Highest Loss Streak 1 | . . . . 1 . . . To Critical Strikes . | . . . . . . . . Average Slot Usage (%) 2 | . . . . 5 . . 3 Slashing Weapon 1 | . . . . 5 . . . Naked Turns 594 | . 37 167 81 38 94 87 90 Heaviest Build 3 | . . . 3 3 . . 1 Greatest Support 3 | 3 3 3 3 3 3 3 3 Greatest Overweight (x) . | . . . . . . . . Average Overweight (x) . | . . . . . . . . Largest Inventory Capacity 5 | 5 5 5 5 5 5 5 5 Average Capacity 5 | 5 5 5 5 5 5 5 5 Most Carried 4 | 4 . . 1 . . . 1 Average Carried . | 2 . . . . . . . Final Capacity 5 | 5 5 5 5 5 5 5 5 Final Carried . | . . . . . . . . Class Distribution -------------------- 100% | Hacker-Mutant Dominant Class ---------------- Hacker-Mutant | -10/Materials Hacker-Mutant | -9/Materials Hacker-Mutant | -8/Materials Hacker-Mutant | -7/Factory Hacker-Mutant | -6/Factory Hacker-Mutant | -6/Garrison Hacker-Mutant | -6/Factory Resources | -11 -10 -9 -8 -7 -6 -6 -6 ----------- Run | Jun Mat Mat Mat Fac Fac Gar Fac Matter Collected 200 | 200 . . . . . . . Remotely . | . . . . . . . . Salvage Created . | . . . . . . . . Parts . | . . . . . . . . Haulers Intercepted . | . . . . . . . . Recyclers Shooed . | . . . . . . . . Parts Field Recycled . | . . . . . . . . Retrieved Matter . | . . . . . . . . Parts Self-Destructed . | . . . . . . . . Prevented . | . . . . . . . . Kills | -11 -10 -9 -8 -7 -6 -6 -6 ------- Run | Jun Mat Mat Mat Fac Fac Gar Fac Combat Hostiles Destroyed . | . . . . . . . . Classes Destroyed . | . . . . . . . . Best Kill Streak . | . . . . . . . . Combat Bots Only . | . . . . . . . . Max Kills in Single Turn . | . . . . . . . . Gunslinging . | . . . . . . . . Exploded . | . . . . . . . . Melee . | . . . . . . . . Uniques/NPCs Destroyed . | . . . . . . . . Combat | -11 -10 -9 -8 -7 -6 -6 -6 -------- Run | Jun Mat Mat Mat Fac Fac Gar Fac Damage Taken 1979 | . 51 272 196 600 104 568 188 Core 1919 | . 51 272 191 552 104 568 181 Absorbed by Shields 49 | . . . . 49 . . . Core Remaining (%) 59 | 100 79 32 65 21 . . . Volleys Fired . | . . . . . . . . Largest . | . . . . . . . . Hottest . | . . . . . . . . Shots Fired . | . . . . . . . . Gun . | . . . . . . . . Cannon . | . . . . . . . . Launcher . | . . . . . . . . Special . | . . . . . . . . Kinetic . | . . . . . . . . Thermal . | . . . . . . . . Explosive . | . . . . . . . . Electromagnetic . | . . . . . . . . Robot Hit Streak . | . . . . . . . . Robot Miss Streak . | . . . . . . . . Penetration Max . | . . . . . . . . Secondary Targets . | . . . . . . . . Shots Hit Robots . | . . . . . . . . Core Hits 1 | . . . . . . 1 . Critical Kills . | . . . . . . . . Critical Parts Destroyed . | . . . . . . . . Critical Strikes . | . . . . . . . . Melee Attacks 1 | . . . 1 . . . . Impact . | . . . . . . . . Slashing 1 | . . . 1 . . . . Piercing . | . . . . . . . . Sneak Attacks . | . . . . . . . . Combat Hostiles . | . . . . . . . . Follow-up Attacks . | . . . . . . . . Damage Inflicted 84 | . . 4 . . . 64 16 Guns . | . . . . . . . . Cannons . | . . . . . . . . Explosions . | . . . . . . . . Melee . | . . . . . . . . Ramming 84 | . . 4 . . . 64 16 Kinetic . | . . . . . . . . Thermal . | . . . . . . . . Explosive . | . . . . . . . . Electromagnetic . | . . . . . . . . Impact . | . . . . . . . . Slashing . | . . . . . . . . Piercing . | . . . . . . . . Highest Corruption 10 | . . . 2 2 . 8 10 Average Corruption 5 | . . . 1 1 . 6 8 Corruption Purged . | . . . . . . . . Corruption Blocked . | . . . . . . . . Effects 4 | . . . 1 . . 2 1 Message Errors 1 | . . . 1 . . . . Matter Fused 1 | . . . . . . 1 . Energy Discharges 1 | . . . . . . 1 . Data Loss (minor) 1 | . . . . . . . 1 Overload Shots . | . . . . . . . . Overflow Damage . | . . . . . . . . Projectiles . | . . . . . . . . Explosions . | . . . . . . . . Melee . | . . . . . . . . Knockbacks . | . . . . . . . . Impact . | . . . . . . . . Kinetic . | . . . . . . . . Secondary . | . . . . . . . . Self-Inflicted Damage 36 | . . 2 . . . 27 7 Shots . | . . . . . . . . Rammed 24 | . . 3 . . . 19 2 Targets Rammed 24 | . . 3 . . . 19 2 Kicked . | . . . . . . . . Crushed . | . . . . . . . . Highest Temperature 26 | . . . . . . 26 . Average Temperature 16 | . . . . . . 16 . Received Heat Transfer 684 | . 12 126 45 99 30 351 21 Siege Activations . | . . . . . . . . Robots Corrupted . | . . . . . . . . Combat Hostiles . | . . . . . . . . Parts Fried . | . . . . . . . . Impact Corruptions . | . . . . . . . . Robots Melted . | . . . . . . . . Combat Hostiles . | . . . . . . . . Parts Melted . | . . . . . . . . Heat Transferred . | . . . . . . . . Parts Sabotaged . | . . . . . . . . Parts Stolen . | . . . . . . . . Parts Stripped . | . . . . . . . . Power Chain Reactions . | . . . . . . . . Missiles Intercepted . | . . . . . . . . Alert | -11 -10 -9 -8 -7 -6 -6 -6 ------- Run | Jun Mat Mat Mat Fac Fac Gar Fac Peak Influence 255 | . 15 141 170 255 241 204 154 Initial 129 | . . 4 42 55 91 129 79 Average 101 | . 8 55 108 110 128 160 112 Maximum Alert Level 1 | . . . . 1 1 1 . Low Security (%) 96 | 100 100 100 100 90 90 98 100 Level 1 3 | . . . . 9 9 1 . Level 2 . | . . . . . . . . Level 3 . | . . . . . . . . Level 4 . | . . . . . . . . Level 5 . | . . . . . . . . High Security . | . . . . . . . . Max Security . | . . . . . . . . Squads Dispatched 9 | . . 2 1 4 1 . 1 Investigation 5 | . . 2 . 2 1 . . Extermination . | . . . . . . . . Reinforcement 4 | . . . 1 2 . . 1 Assault . | . . . . . . . . Garrison . | . . . . . . . . Intercept . | . . . . . . . . Searches Triggered . | . . . . . . . . Construction Impeded . | . . . . . . . . Haulers Reinforced . | . . . . . . . . Active Scanning Responses . | . . . . . . . . Cargo Convoy Interrupts . | . . . . . . . . Stealth | -11 -10 -9 -8 -7 -6 -6 -6 --------- Run | Jun Mat Mat Mat Fac Fac Gar Fac Distress Signals 4 | . . 2 1 . . . 1 Communications Jammed . | . . . . . . . . Distress Signals . | . . . . . . . . Times Spotted 77 | . 4 9 13 15 10 19 7 Peak Tracking Total 18 | . 4 8 13 9 5 18 4 Tactical Retreats 15 | . . 2 2 5 2 2 2 Traps | -11 -10 -9 -8 -7 -6 -6 -6 ------- Run | Jun Mat Mat Mat Fac Fac Gar Fac Traps Triggered 6 | . 1 . 2 1 . 2 . Indirectly . | . . . . . . . . Trap Hack Attempts . | . . . . . . . . Triggered . | . . . . . . . . Disarmed . | . . . . . . . . Reprogrammed . | . . . . . . . . Reused . | . . . . . . . . Traps Extracted . | . . . . . . . . Installed . | . . . . . . . . Triggered . | . . . . . . . . Machines | -11 -10 -9 -8 -7 -6 -6 -6 ---------- Run | Jun Mat Mat Mat Fac Fac Gar Fac Machines Disabled . | . . . . . . . . Max in Single Turn . | . . . . . . . . Machines Repaired . | . . . . . . . . Machines Sabotaged . | . . . . . . . . Overloaded Fab Kills . | . . . . . . . . Hacking | -11 -10 -9 -8 -7 -6 -6 -6 --------- Run | Jun Mat Mat Mat Fac Fac Gar Fac Machines Accessed 11 | . 1 3 1 4 2 . . Terminals 10 | . 1 3 1 4 1 . . Fabricators . | . . . . . . . . Repair Stations . | . . . . . . . . Recycling Units . | . . . . . . . . Scanalyzers . | . . . . . . . . Garrison Access 1 | . . . . . 1 . . Total Hacks 30 | . 2 8 2 14 4 . . Successful 8 | . 2 2 1 2 1 . . Failed 22 | . . 6 1 12 3 . . Catastrophic 6 | . . 1 1 4 . . . Database Lockouts . | . . . . . . . . Manual 21 | . . 7 2 9 3 . . Terminals 29 | . 2 8 2 14 3 . . Fabricators . | . . . . . . . . Repair Stations . | . . . . . . . . Recycling Units . | . . . . . . . . Scanalyzers . | . . . . . . . . Garrison Access 1 | . . . . . 1 . . Terminal Hacks 7 | . 2 2 1 2 . . . Level Access Points 2 | . . 1 1 . . . . Terminal Index 3 | . 1 1 . 1 . . . Alert Level 1 | . . . . 1 . . . Locate Traps 1 | . 1 . . . . . . Fabricator Hacks . | . . . . . . . . Repair Station Hacks . | . . . . . . . . Recycling Unit Hacks . | . . . . . . . . Scanalyzer . | . . . . . . . . Garrison Access Hacks 1 | . . . . . 1 . . Unlock Access 1 | . . . . . 1 . . Unauthorized Hacks . | . . . . . . . . Terminals . | . . . . . . . . Fabricators . | . . . . . . . . Repair Stations . | . . . . . . . . Recycling Units . | . . . . . . . . Scanalyzers . | . . . . . . . . Garrison Access . | . . . . . . . . Data Cores Recovered . | . . . . . . . . Used . | . . . . . . . . Hacking Detections 9 | . 1 2 1 4 1 . . Full Trace Events 5 | . . 2 . 2 1 . . Feedback Events . | . . . . . . . . Feedback Blocked . | . . . . . . . . Robot Schematics Acquired . | . . . . . . . . Robots Built . | . . . . . . . . Authchips . | . . . . . . . . Time . | . . . . . . . . Total Robot Build Rating . | . . . . . . . . Part Schematics Acquired . | . . . . . . . . Parts Built . | . . . . . . . . Authchips . | . . . . . . . . Time . | . . . . . . . . Total Part Build Rating . | . . . . . . . . Parts Repaired . | . . . . . . . . Time . | . . . . . . . . Parts Recycled . | . . . . . . . . Recycled Matter . | . . . . . . . . Retrieved Matter . | . . . . . . . . Retrieved Components . | . . . . . . . . Parts Scanalyzed . | . . . . . . . . Part Schematics Acquired . | . . . . . . . . Parts Damaged . | . . . . . . . . Bothacking | -11 -10 -9 -8 -7 -6 -6 -6 ------------ Run | Jun Mat Mat Mat Fac Fac Gar Fac Used RIF Installer . | . . . . . . . . Robots Hacked . | . . . . . . . . Non-combat . | . . . . . . . . Combat . | . . . . . . . . Robot Hacks Applied . | . . . . . . . . Relay Couplers Released . | . . . . . . . . Fabnet Peak Effective % . | . . . . . . . . Robots Rewired . | . . . . . . . . Allies Hacked . | . . . . . . . . Hacks Repelled . | . . . . . . . . Allies | -11 -10 -9 -8 -7 -6 -6 -6 -------- Run | Jun Mat Mat Mat Fac Fac Gar Fac Total Allies . | . . . . . . . . Largest Group . | . . . . . . . . Highest-Rated Group . | . . . . . . . . Highest-Rated Ally . | . . . . . . . . Total Orders . | . . . . . . . . Ally Attacks . | . . . . . . . . Total Damage . | . . . . . . . . Kills . | . . . . . . . . Allies Corrupted . | . . . . . . . . Allies Melted . | . . . . . . . . Intel | -11 -10 -9 -8 -7 -6 -6 -6 ------- Run | Jun Mat Mat Mat Fac Fac Gar Fac Robot Analysis Total . | . . . . . . . . Derelict Logs Recovered . | . . . . . . . . Drone Launches . | . . . . . . . . Drone Recoveries . | . . . . . . . . Exploration | -11 -10 -9 -8 -7 -6 -6 -6 ------------- Run | Jun Mat Mat Mat Fac Fac Gar Fac Turns Passed 811 | 3 37 167 85 209 94 87 129 Spaces Moved 1533 | 1 74 327 161 403 186 136 245 Core 1533 | 1 74 327 161 403 186 136 245 Treads . | . . . . . . . . Legs . | . . . . . . . . Wheels . | . . . . . . . . Hover . | . . . . . . . . Flight . | . . . . . . . . Fastest Speed 50 | 50 50 50 50 50 50 50 50 Average Speed 50 | 50 50 50 50 50 50 50 50 Slowest Speed 50 | 50 50 50 50 50 50 50 50 Overloaded Moves . | . . . . . . . . Propulsion Burnouts . | . . . . . . . . Robots Hopped . | . . . . . . . . Cave-ins Triggered . | . . . . . . . . Exploration Rate (%) 19 | 2 19 32 29 20 6 33 11 Regions Visited 7 Branch Regions . Pre-discovered Areas . | . . . . . . . . Known Exits Taken 6 | 1 1 1 1 1 1 . . Unknown Exits Taken . | . . . . . . . . Scrap Searched . | . . . . . . . . Spaces Dug 1 | . . . 1 . . . . Terrain Destroyed 1 | . . . 1 . . . . Melee 1 | . . . 1 . . . . Projectile . | . . . . . . . . AOE . | . . . . . . . . Terrain Rammed . | . . . . . . . . Walls Destroyed . | . . . . . . . . Machines Disabled . | . . . . . . . . Actions | -11 -10 -9 -8 -7 -6 -6 -6 --------- Run | Jun Mat Mat Mat Fac Fac Gar Fac Total 1570 | 5 73 329 163 409 186 154 251 Wait . | . . . . . . . . Move 1527 | . 73 326 160 402 186 135 245 Hop . | . . . . . . . . Pick Up 3 | . . . 1 . . . 2 Fast Attach . | . . . . . . . . Attach 3 | . . . 1 . . . 2 Detach . | . . . . . . . . Swap . | . . . . . . . . Drop 5 | 5 . . . . . . . Fire . | . . . . . . . . Melee 1 | . . . 1 . . . . Ram 24 | . . 3 . . . 19 2 Kick . | . . . . . . . . Crush . | . . . . . . . . Escape Stasis 7 | . . . . 7 . . . Rewire . | . . . . . . . . Trap . | . . . . . . . . Miscellaneous . | . . . . . . . . Route ------- -11/Junkyard -10/Materials -9/Materials (discovered 3 exits: *Mat x3) -8/Materials (discovered 3 exits: *Fac x3) -7/Factory (discovered 2 exits: *Fac / *Sto) -6/Factory -6/Garrison -6/Factory History --------- Turn | Location | Event 1 | -11/Junkyard | Released all parts (7) 4 | -11/Junkyard | Identified exit to Materials 4 | -11/Junkyard | Discovered exit to Materials (range 0) 4 | -11/Junkyard | Entered Materials 4 | -10/Materials | Evolved 1 slot: Utility x1 35 | -10/Materials | Identified exit to Materials 35 | -10/Materials | Discovered exit to Materials (range 13) 41 | -10/Materials | Entered another Materials area 41 | -9/Materials | Evolved 2 slots: Utility x2 147 | -9/Materials | Identified exit to Materials 174 | -9/Materials | Core integrity fell below 50% 208 | -9/Materials | Entered another Materials area 208 | -8/Materials | Evolved 2 slots: Utility x2 278 | -8/Materials | Identified exit to Factory 293 | -8/Materials | Entered Factory 293 | -7/Factory | Evolved 2 slots: Utility x2 310 | -7/Factory | Build established: Hacker-Mutant 325 | -7/Factory | Identified exit to Storage 325 | -7/Factory | Discovered exit to Storage (range 15) 446 | -7/Factory | Core integrity fell below 50% 496 | -7/Factory | Identified exit to Factory 496 | -7/Factory | Discovered exit to Factory (range 13) 502 | -7/Factory | Entered another Factory area 502 | -6/Factory | Evolved 2 slots: Utility x2 596 | -6/Factory | Identified exit to Garrison 596 | -6/Factory | Entered Garrison 607 | -6/Garrison | Rescued a captive Derelict 615 | -6/Garrison | Rescued a captive Derelict 634 | -6/Garrison | Core integrity fell below 50% 656 | -6/Garrison | Spotted B-75 Beast 660 | -6/Garrison | Triggered checkpoint 676 | -6/Garrison | Identified exit to Factory 676 | -6/Garrison | Discovered exit to Factory (range 14) 683 | -6/Garrison | Entered Factory 716 | -6/Factory | Core integrity fell below 20% 757 | -6/Factory | Spotted B-75 Beast 811 | -6/Factory | System corruption reached 10% 812 | -6/Factory | Destroyed by H-66 Slayer with Gauss Rifle Last Messages --------------- 00727_ Penetrated by Slug. 00731_ Slug penetrates Wall. 00733_ System corrupted: Component data lost. 00734_ Penetrated by Slug. 00756_ W-25 Informer distress signal alerts nearby ally. 00760_ U-05 Engineer builds a Wall. 00760_ Subcomponent Replicator disabled. 00770_ O-16 Technician: "IFF HANDSHAKE FAILED. SECURING TERMINAL." 00772_ Acquired Imp. Hacking Suite. 00775_ O-16 Technician uses terminal to summon reinforcements. 00775_ ALERT: Hostiles spotted, dispatching reinforcements to Terminal F002. 00775_ O-16 Technician locks terminal. 00788_ Acquired Transmission Jammer. 00800_ Terminal disabled. 00809_ Penetrated by Slug. 00810_ Slammed into H-66 Slayer. 00810_ Destabilizing: System corrupted (+2). 00811_ Slammed into H-66 Slayer. 00812_ Penetrated by Slug. Map ----- +----------------------------------------------------+ | ????#[ """"" + *[ "" "" "" "" | | ????# """"" # *[ """ """ """ """ | | ????# """ # """ """ """ """ | | ??????? # """ """ """ """ | | ????? ! """"" #######+## | | ????# """"" #????? # ! "" "" "" "" | | ????# """ #????? !!# "" "" "" "" | | ???????? ! #???? !!# """ """ """ """ | | ?????????#######???? # " """ """ """ """ | | ???????????????????###### " """ """ """ " | | ?????????????###????????# | | ???????????# ### | | ???????????# "###+#########+###### # | | ???????????# ### ##??????????????????# # | | ?????????????#+#????????# #???????????????????#### | | ????????????????????????# #??????????????????????? | | ????????????????????#####+####???????????????????? | | ????????????????????# #???????????????????? | | ????????????????????# #???????????????????? | | ????????????????????# #???????????????????? | | ????????????????????# #???????????????????? | | ????????????????????# ! u #???????????????????? | | ????????????????????# A #???????????????????? | | ????????????????????# #???????????????????? | | ????????????????????# #???????????????????? | | ????????????????????# @ #???????????????????? | | ????????????????????######h###???????????????????? | | ?????????????????????????? ????????????????????? | | ?????????????????????????? ???????????????????? | | ?????????????????????????? ??????????????????? | | ?????????????????????????? ????????????????? | | ?????????????????????????? ???????????????? | | ??????????????????????????#### ??????????????? | | ??????????????????????????????## #?????????????? | | ???????????????????????????????? #?????????????? | | ????????????????????????????????? #?????????????? | | ?????????????????????????????????? #?????????????? | | ?????????????????????????????????????????????????? | | ?????????????????????????????????????????????????? | | ?????????????????????????????????????????????????? | | ?????????????????????????????????????????????????? | | ?????????????????????????????????????????????????? | | ?????????????????????????????????????????????????? | | ?????????????????????????????????????????????????? | | ?????????????????????????????????????????????????? | | ?????????????????????????????????????????????????? | | ?????????????????????????????????????????????????? | | ?????????????????????????????????????????????????? | | ?????????????????????????????????????????????????? | | ?????????????????????????????????????????????????? | +----------------------------------------------------+ Best States ------------- Heat Dissipation 37 Energy Generation 5 Energy Capacity 100 Matter Stores 300 Matter Capacity 300 Sight Range 16 Terrain Scan Density 10 Jamming Range 12 Resistance: KI 35 Resistance: TH 35 Resistance: EX 35 Resistance: EM 35 Resistance: I 35 Resistance: S 35 Resistance: P 35 Evasion (%) 50 Offensive Hacking 32 Item Schematics ----------------- None Robot Schematics ------------------ None Fabricated ------------ Nothing Alien Tech Used ----------------- None Achievements -------------- None Challenges ------------ None Game ------ Seed HybridHeavyBeamcaster Manual? 0 Play Time 00:17:32 Cumulative 160.5 hours Start 2023.11.02 @ 03:01:17 End 2023.11.02 @ 03:16:59 Sessions 1 Manual Loads 0 Difficulty Explorer Special Mode None Game No. 117 Rogue 109 Adventurer 0 Explorer 8 Win Type - Total 2 Types 2/0/0/0/0/0/0/0/0 Lore% 58 Gallery% 68 Achievement% 48 Wizard Run 0 Options --------- ASCII 0 Keyboard 0 Movement Mouse Keybinds 1 Fullscreen 1 Font 18/TerminusBold Map View 76x50 Tactical HUD 1 Map Filters NONE Filters NONE Steam 1 RUN: 46076f0a-c82c-41a5-81fc-723af1406121